 Dungeon Crawl Stone Soup version 0.22-a0-293-gc9362ec (webtiles) character file.

98 grindst0ne the Skirmisher (level 4, 0/38 HPs)
             Began as a Demonspawn Gladiator on Mar 24, 2018.
             Killed by divine providence
             ... invoked by an orc priest
              (9 damage)
             ... on level 4 of the Dungeon.
             The game lasted 00:02:42 (1990 turns).

grindst0ne the Skirmisher (Demonspawn Gladiator)    Turns: 1990, Time: 00:02:43

Health: 0/38       AC:  3    Str: 14    XL:     4   Next: 43%
Magic:  4/4        EV: 12    Int: 11    God:
Gold:   224        SH:  4    Dex: 14    Spells: 3/3 levels left

rFire    . . .     SeeInvis .   a - +0 war axe
rCold    . . .     Gourm    .   (no shield)
rNeg     . . .     Faith    .   b - +0 leather armour
rPois    .         Spirit   .   (helmet restricted)
rElec    .         Reflect  +   (no cloak)
rCorr    .         Harm     .   (no gloves)
MR       .....                  (no boots)
Stlth    +.........             h - +4 amulet of reflection
HPRegen  0.12/turn              (no ring)
MPRegen  0.09/turn              (no ring)

@: no status effects
A: antennae 2, powered by death 1
a: no special abilities


You were on level 4 of the Dungeon.
You were not hungry.

You visited 1 branch of the dungeon, and saw 4 of its levels.

You collected 224 gold pieces.

Inventory:

Hand Weapons
 a - a +0 war axe (weapon)
Missiles
 d - 3 throwing nets (quivered)
Armour
 b - a +0 leather armour (worn)
 c - a +0 helmet
Jewellery
 h - a +4 amulet of reflection (around neck)
 n - an uncursed amulet of harm {unknown}
 t - an uncursed amulet of faith {unknown}
Scrolls
 i - 3 scrolls of fog {unknown}
 k - 5 scrolls of remove curse {unknown}
 l - a scroll of blinking {unknown}
 m - a scroll of amnesia {unknown}
 o - a scroll of teleportation {unknown}
 p - a scroll of immolation {unknown}
 q - a scroll of enchant weapon {unknown}
Potions
 e - 2 potions of curing {unknown}
 g - a potion of mutation {unknown}
 j - 2 potions of flight {unknown}
 r - a potion of heal wounds {unknown}
Comestibles
 f - 7 rations
 s - 3 chunks of flesh


   Skills:
 + Level 4.7 Fighting
 - Level 2.6 Axes
 - Level 1.7 Throwing
 - Level 2.6 Dodging


You had 3 spell levels left.
You didn't know any spells.

Dungeon Overview and Level Annotations

Branches:
Dungeon (4/15)
 Temple: D:4-7

Altars:
Wu Jian
Xom
Zin


Innate Abilities, Weirdness & Mutations

You have a pair of antennae on your head.
You regenerate a little health from kills.


Message History

You barely miss the orc.
The orc priest looks braver for a moment.
The orc hits you but does no damage.
You hit the orc but do no damage. The orc closely misses you.
The orc priest casts a cantrip, but nothing happens.
You closely miss the orc. The orc completely misses you.
The orc closely misses you.
You barely miss the orc. The orc hits you but does no damage.
You hit the orc but do no damage. The orc hits you.
You closely miss the orc. The orc closely misses you. The orc hits you.
You closely miss the orc.
The orc priest calls down the wrath of Beogh upon you.
Beogh smites you!
* * * LOW HITPOINT WARNING * * *
The orc closely misses you.
You slash the orc!
You kill the orc!
The orc priest invokes the aid of Beogh against you.
Beogh smites you!
You die...

###########
..........#
.o........#
..........#####
.........o[@..#
........<.###.#
..........# ...
..........#
####
#####.##... #.
##.## ## ..#
... .#.


You could see an orc priest.

Vanquished Creatures
  2 adders (D:2)
  3 worms (D:3)
  A dart slug (D:2)
  A leopard gecko (D:2)
  8 orcs
  5 giant cockroaches
  6 goblins
  2 hobgoblins
  5 jackals (D:3)
  6 kobolds
  A quokka (D:3)
  9 bats
  3 frilled lizards
  4 rats
56 creatures vanquished.

Notes
Turn   | Place    | Note
-------+----------+-------------------------------------------
     0 | D:1      | grindst0ne the Demonspawn Gladiator began the quest for the Orb.
     0 | D:1      | Reached XP level 1. HP: 16/16 MP: 1/1
   165 | D:1      | Gained mutation: You have a pair of small antennae on your head. [demonic ancestry]
   165 | D:1      | Reached XP level 2. HP: 23/23 MP: 2/2
   237 | D:1      | Reached skill level 3 in Fighting
   621 | D:2      | Noticed an angel
   621 | D:2      | Found a glowing silver altar of Zin.
   623 | D:2      | Found a shimmering altar of Xom.
   714 | D:2      | Found a faded altar of an unknown god.
   803 | D:2      | Gained mutation: You have a pair of antennae on your head. [demonic ancestry]
   803 | D:2      | Reached XP level 3. HP: 29/29 MP: 3/3
   825 | D:2      | Found an ornate altar of the Wu Jian Council.
  1448 | D:3      | Reached skill level 4 in Fighting
  1744 | D:3      | Gained mutation: You regenerate a little health from kills. [demonic ancestry]
  1744 | D:3      | Reached XP level 4. HP: 32/38 MP: 4/4
  1990 | D:4      | Killed from afar by an orc priest

Vault maps used:
D:1:      minmay_arrival_solitary_statue
D:2:      lemuel_coloured_pillars_altar,
          grunt_temple_overflow_order_and_chaos_1,
          chequers_ecumenical_altar_simple_redux
D:4:      serial_shops, shop_fountains, shop, shop, shop, serial_glass,
          glass_columns_a, glass_columns_a

Skill      XL: |  1  2  3 |
---------------+----------+-----
Fighting       | 3 4 |  4.7
Axes           | |  2.6
Throwing       | |  1.7
Dodging        | |  2.6

Action                   |  1- 3 |  4- 6 || total
-------------------------+-------+-------++-------
Melee: War axe           |   107 |    55 ||   162
 Stab: Sleeping          |     1 |       ||     1
  Eat: Chunk             |     1 |     3 ||     4
Armor: Leather armour    |    39 |    18 ||    57
Dodge: Dodged            |   126 |    37 ||   163
Block: Other             |    19 |    14 ||    33

Table legend:
 A = Spawn XP
 B = Non-spawn XP
 C = Spawn XP percentage of total XP
 D = Spawn monster count
 E = Non-spawn monster count
 F = Spawn count percentage of total count
 G = Total turns spent on level
                    A         B        C        D         E        F      G
               +---------+---------+-------+---------+---------+-------+---------
         Total |       0 |     140 |   0.0 |       0 |      56 |   0.0 |  1990
               +---------+---------+-------+---------+---------+-------+---------
           D:1 |       0 |      22 |   0.0 |       0 |      13 |   0.0 |   582
           D:2 |       0 |      46 |   0.0 |       0 |      12 |   0.0 |   862
           D:3 |       0 |      60 |   0.0 |       0 |      27 |   0.0 |   518
           D:4 |       0 |      12 |   0.0 |       0 |       4 |   0.0 |    28
               +---------+---------+-------+---------+---------+-------+---------
